 Dungeon Crawl Stone Soup version 0.22.0-78-g6c94d2c (webtiles) character file.

21690 Starchild the Impaler (level 12, -3/78 HPs)
             Began as a Merfolk Skald on Sept 16, 2018.
             Was the Champion of Okawaru.
             Shot with a bolt by a tengu warrior (17 damage)
             ... on level 15 of the Dungeon.
             The game lasted 01:22:42 (11164 turns).

Starchild the Impaler (Merfolk Skald)              Turns: 11164, Time: 01:22:43

Health: -3/78      AC: 15    Str:  8    XL:     12   Next: 92%
Magic:  14/19      EV: 27    Int: 17    God:    Okawaru [******]
Gold:   664        SH:  0    Dex: 25    Spells: 4/15 levels left

rFire    . . .     SeeInvis .   w - +8 glaive of the Neverending Ghosts {chop, *Noise Str-4 Dex+9 Stlth+}
rCold    + . .     Gourm    .   (shield currently unavailable)
rNeg     . . .     Faith    .   r - +0 troll leather armour {Purgy}
rPois    .         Spirit   .   B - +1 helmet
rElec    .         Reflect  .   C - +1 cloak {+Inv}
rCorr    .         Harm     .   s - +2 pair of gloves {Dex+3}
MR       .....                  j - +1 pair of boots
Stlth    ++++......             (no amulet)
HPRegen  0.63/turn              f - ring of protection from cold
MPRegen  0.16/turn              z - ring of wizardry

@: heroism
A: change form in water, swift swim, stealthy swim
a: Heroism, Finesse, Renounce Religion, Evoke Invisibility


You were on level 15 of the Dungeon.
You worshipped Okawaru.
Okawaru was exalted by your worship.
You were near starving.

You visited 2 branches of the dungeon, and saw 15 of its levels.
You also visited: Sewer.

You collected 664 gold pieces.

Inventory:

Hand Weapons
 w - the +8 glaive of the Neverending Ghosts (weapon) {chop, *Noise Str-4 Dex+9 Stlth+}
   (You found it in a sewer)

   It inflicts extra damage upon your enemies.
   It affects your strength (-4).
   It affects your dexterity (+9).
   It may make noises in combat.
   It makes you more stealthy.
 F - the +2 halberd "Killer Bee's Death" {drain, rPois}
   (Okawaru gifted it to you on level 8 of the Dungeon)

   A truly terrible weapon, it drains the life of those it strikes.
   It protects you from poison.
Missiles
 h - 462 stones
 P - 5 javelins (quivered)
Armour
 j - a +1 pair of boots (worn)
 r - a +0 troll leather armour (worn) {Purgy}
 s - a +2 pair of gloves of dexterity (worn)
 B - a +1 helmet (worn)
 C - a +1 cloak of invisibility (worn)
 S - a +1 buckler of positive energy
Jewellery
 f - a ring of protection from cold (left hand)
 t - an uncursed ring of resist corrosion
 y - an uncursed ring of fire
 z - a ring of wizardry (right hand)
 E - an uncursed ring of stealth
Wands
 H - a wand of flame (13)
 J - a wand of iceblast (6)
 K - a wand of disintegration (15)
 T - a wand of clouds (7)
Scrolls
 a - a scroll of identify
 g - 3 scrolls of amnesia {unknown}
 l - 8 scrolls of remove curse
 o - 2 scrolls of immolation
 u - a scroll of fog
 x - a scroll of enchant weapon
 A - a scroll of fear
 D - 2 scrolls of magic mapping
 M - a scroll of enchant armour {unknown}
Potions
 c - a potion of brilliance
 e - a potion of haste
 k - 2 potions of agility
 m - a potion of might {unknown}
 n - 3 potions of invisibility
 p - a potion of resistance {unknown}
 q - 4 potions of curing
 v - 2 potions of heal wounds
 L - a potion of mutation {unknown}
 O - 3 potions of flight {unknown}
Miscellaneous
 N - a sack of spiders
Comestibles
 d - 23 rations
 i - 3 chunks of flesh


   Skills:
 - Level 2.1(7.1) Fighting
 - Level 20.0(25.0) Polearms
 - Level 0.6(5.6) Armour
 + Level 10.4(15.4) Dodging
 - Level 2.0 Spellcasting
 - Level 10.2 Charms
 - Level 0.2 Translocations
 * Level 9.4 Invocations


You had 4 spell levels left.
You knew the following spells:

 Your Spells              Type           Power        Failure   Level  Hunger
a - Infusion              Chrm           ####         1%          1    #......
b - Song of Slaying       Chrm           #####...     1%          2    ###....
c - Shroud of Golubria    Chrm/Tloc      ###.......   1%          2    ###....
d - Regeneration          Chrm/Necr      ###.......   4%          3    ###....
e - Spectral Weapon       Hex/Chrm       ###.....     4%          3    ###....

Your spell library contained the following spells:

 Spells                   Type           Power        Failure   Level  Hunger


Dungeon Overview and Level Annotations

Branches:
Dungeon (13/15)            Temple (0/1) D:7            Lair (0/6) D:11
    Orc (1/2) D:9
 Vaults: D:13-14

Altars:
Cheibriados
Dithmenos
Fedhas
Gozag
Makhleb
Nemelex Xobeh
Okawaru
Qazlal
Ru
Sif Muna
Trog
Uskayaw
Vehumet
Wu Jian
Xom
Zin
The Shining One

Shops:
D:11 [

Annotations:
D:8 exclusion: oklob plant
D:11 exclusion: oklob plant
D:12 Rupert


Message History

Press: ? - help, Dir - move target cursor, f - tengu warrior
Aim: a tengu warrior, wielding an arbalest and wearing a ring mail (purple You reach to attack!
You slash the tengu warrior!
The tengu warrior is lightly wounded.
The tengu warrior shoots a bolt.
The tengu warrior shoots a bolt.
The bolt hits you but does no damage.
The shadow strikes at you from the darkness!
* * * LOW HITPOINT WARNING * * *
You hear two shouts!
You see here a bolt.
Your hands slow down.
A tengu warrior comes into view.
It is wielding a long sword. 2 tengu conjurers come into view.
The tengu conjurer shouts!
The shadow misses you.
A two-headed ogre comes into view.
It is wielding a giant spiked club and a The shadow closely misses you.
You see here 2 silver javelins.
The tengu warrior shoots a bolt.
The bolt hits you!
You die...

#.# #.# #.# ..#
##.# . ..# .....
#.# .....#####@#
.....Q...(W# .≈≈
.......###.C# ..≈≈
........#Q..#..≈≈≈
..QT. ..#.QO#..≈≈≈
... #)#.....≈≈≈≈≈
.... #.#...#.≈≈≈≈≈
...##.#(#(......≈≈≈
.Q....$.)#.§....≈≈≈


You could see an ettin, 2 tengu warriors, a two-headed ogre, a tengu conjurer
and a shadow.

Vanquished Creatures
  A centaur warrior (D:15)
  A tengu warrior (D:15)
  5 two-headed ogres
  2 unseen horrors
  2 skeletal warriors (D:12)
  An orc sorcerer (D:9)
  An ugly thing (D:13)
  Maurice (D:10)
  2 gargoyles
  An efreet (D:15)
  A tengu conjurer (D:15)
  4 trolls
  Grinder (D:3)
  4 hippogriffs
  A shadow (D:11)
  3 wyverns
  11 yaks (D:11)
  4 hungry ghosts
  3 water moccasins
  Purgy (D:3)
  2 ice beasts
  10 orc warriors
  9 ogres
  4 black bears
  7 sky beasts
  An eye of draining (D:12)
  4 phantoms
  3 centaurs
  6 big kobolds
  9 bullfrogs
  A gnoll sergeant (D:7)
  4 scorpions
  20 killer bees
  3 howler monkeys
  3 wights
  2 electric eels (D:9)
  2 crimson imps
  2 bullfrog zombies
  3 jellies
  3 centaur zombies
  6 hounds
  8 orc priests
  A centaur skeleton (D:4)
  10 orc wizards
  4 bullfrog skeletons
  Jessica (D:3)
  3 iguanas
  7 worker ants
  Natasha (thrice) (D:4 D:3)
  A hound zombie (D:8)
  14 gnolls
  14 adders
  3 shadow imps
  An adder skeleton (D:6)
  5 worms
  11 leopard geckos
  30 orcs
  11 giant cockroaches
  7 goblins
  4 hobgoblins
  14 jackals
  29 kobolds
  5 quokkas
  4 ball pythons
  3 bats
  13 frilled lizards
  A leopard gecko skeleton (D:6)
  A quokka skeleton (D:4)
  5 rats
367 creatures vanquished.

Vanquished Creatures (others)
  A frilled lizard (D:4)
  A plant (D:15)
2 creatures vanquished.

Grand Total: 369 creatures vanquished

Notes
Turn   | Place    | Note
-------+----------+-------------------------------------------
     0 | D:1      | Starchild the Merfolk Skald began the quest for the Orb.
     0 | D:1      | Reached XP level 1. HP: 16/16 MP: 3/3
   365 | D:1      | Reached XP level 2. HP: 22/22 MP: 3/5
   825 | D:2      | Learned a level 2 spell: Song of Slaying
   828 | D:2      | Learned a level 2 spell: Shroud of Golubria
   910 | D:2      | Found a shimmering altar of Xom.
   916 | D:2      | Found a shimmering altar of Xom.
   958 | D:2      | Reached XP level 3. HP: 27/27 MP: 6/6
   976 | D:2      | Found a shimmering altar of Xom.
   984 | D:2      | Reached skill level 4 in Polearms
   993 | D:2      | Found a shimmering altar of Xom.
   993 | D:2      | Found a shimmering altar of Xom.
  1002 | D:2      | Found a stormy altar of Qazlal.
  1188 | D:2      | Found a radiant altar of Vehumet.
  1234 | D:2      | Reached XP level 4. HP: 28/33 MP: 1/7
  1277 | D:2      | Reached skill level 5 in Polearms
  1339 | D:2      | Found an iron altar of Okawaru.
  1348 | D:2      | Became a worshipper of Warmaster Okawaru
  1616 | D:2      | Found an opulent altar of Gozag.
  1616 | D:2      | Found a snail-covered altar of Cheibriados.
  1706 | D:3      | Found a deep blue altar of Sif Muna.
  1863 | D:3      | Found a glowing drain.
  1869 | Sewer    | Entered a sewer
  1903 | Sewer    | Reached skill level 6 in Polearms
  1923 | Sewer    | Reached XP level 5. HP: 38/38 MP: 1/8
  1962 | Sewer    | Reached * piety under Okawaru
  1962 | Sewer    | Reached skill level 7 in Polearms
  1962 | Sewer    | Reached skill level 5 in Charms
  1962 | Sewer    | Reached XP level 6. HP: 37/44 MP: 0/9
  1977 | Sewer    | Got a slimy glaive
  1990 | Sewer    | Identified the +8 glaive of the Neverending Ghosts {chop,
                  | *Noise Str-4 Dex+9 Stlth+} (You found it in a sewer)
  2216 | D:3      | Noticed Purgy
  2229 | D:3      | Killed Purgy
  2229 | D:3      | Reached skill level 8 in Polearms
  2444 | D:3      | Noticed Grinder
  2455 | D:3      | Killed Grinder
  2455 | D:3      | Reached skill level 9 in Polearms
  2455 | D:3      | Reached XP level 7. HP: 50/50 MP: 3/10
  2569 | D:3      | Noticed Jessica
  2586 | D:3      | Killed Jessica
  2718 | D:4      | Noticed Natasha
  2764 | D:3      | Reached ** piety under Okawaru
  2764 | D:3      | Reached skill level 10 in Polearms
  2779 | D:4      | Killed Natasha
  2780 | D:4      | Noticed Natasha
  2784 | D:4      | Killed Natasha
  2821 | D:4      | Reached XP level 8. HP: 46/56 MP: 11/11
  2908 | D:3      | Reached skill level 11 in Polearms
  3079 | D:3      | Learned a level 3 spell: Regeneration
  3083 | D:3      | Learned a level 3 spell: Spectral Weapon
  3093 | D:3      | Reached skill level 12 in Polearms
  3159 | D:4      | Noticed Natasha
  3170 | D:3      | Killed Natasha
  3303 | D:4      | Found a stormy altar of Qazlal.
  3361 | D:4      | Reached *** piety under Okawaru
  3448 | D:4      | Found a glowing golden altar of the Shining One.
  3672 | D:5      | Entered Level 5 of the Dungeon
  3696 | D:5      | Reached skill level 13 in Polearms
  3757 | D:5      | Found a burning altar of Makhleb.
  3826 | D:5      | Reached XP level 9. HP: 58/61 MP: 12/12
  3878 | D:5      | Reached skill level 14 in Polearms
  4061 | D:5      | Found a sparkling altar of Nemelex Xobeh.
  4174 | D:6      | Reached **** piety under Okawaru
  4368 | D:6      | Found a sacrificial altar of Ru.
  4378 | D:6      | Reached skill level 15 in Polearms
  4648 | D:6      | Found a glowing silver altar of Zin.
  5198 | D:7      | Reached skill level 16 in Polearms
  5198 | D:7      | Reached XP level 10. HP: 62/67 MP: 13/13
  5224 | D:7      | Found a deep blue altar of Sif Muna.
  5638 | D:7      | Found a staircase to the Ecumenical Temple.
  5642 | D:7      | Reached ***** piety under Okawaru
  5642 | D:7      | Reached skill level 17 in Polearms
  5815 | D:8      | Found an ornate altar of the Wu Jian Council.
  6035 | D:8      | Found a shadowy altar of Dithmenos.
  6035 | D:8      | Noticed a gargoyle
  6044 | D:8      | Killed a gargoyle
  6298 | D:8      | Found a blossoming altar of Fedhas.
  6323 | D:8      | Noticed an oklob plant
  6508 | D:8      | Noticed a two-headed ogre
  6524 | D:8      | Killed a two-headed ogre
  6524 | D:8      | Received a gift from Okawaru
  6524 | D:8      | Reached skill level 18 in Polearms
  6525 | D:8      | Got a blackened halberd {god gift}
  6626 | D:8      | Found a hide-covered altar of Uskayaw.
  6754 | D:9      | Identified the +2 halberd "Killer Bee's Death" {drain,
                  | rPois} (Okawaru gifted it to you on level 8 of the Dungeon)
  7077 | D:9      | Reached XP level 11. HP: 72/72 MP: 14/14
  7325 | D:9      | Reached skill level 19 in Polearms
  7402 | D:9      | Found a staircase to the Orcish Mines.
  7555 | D:9      | Found a bloodstained altar of Trog.
  7660 | D:9      | Noticed a two-headed ogre
  7671 | D:9      | Killed a two-headed ogre
  7943 | D:10     | Entered Level 10 of the Dungeon
  8021 | D:10     | Killed an unseen horror
  8122 | D:10     | Noticed Maurice
  8139 | D:10     | Killed Maurice
  8470 | D:10     | Reached skill level 20 in Polearms
  8614 | D:10     | Noticed a two-headed ogre
  8627 | D:10     | Killed a two-headed ogre
  8627 | D:10     | Received a gift from Okawaru
  8627 | D:10     | Reached skill level 10 in Charms
  8627 | D:10     | Reached skill level 1 in Invocations
  8856 | D:11     | Found Gecroifirgh's Armour Emporium.
  9076 | D:11     | Noticed a two-headed ogre
  9095 | D:11     | Killed a two-headed ogre
  9161 | D:11     | Reached skill level 5 in Invocations
  9237 | D:11     | Found a staircase to the Lair.
  9237 | D:11     | Noticed an oklob plant
  9367 | D:11     | Reached XP level 12. HP: 78/78 MP: 12/16
  9390 | D:11     | Reached skill level 5 in Dodging
 10424 | D:12     | Noticed Rupert
 10569 | Orc:1    | Entered Level 1 of the Orcish Mines
 10582 | Orc:1    | Noticed an orc warlord
 10624 | Orc:1    | Paralysed by an orc sorcerer for 2 turns
 10656 | D:9      | Reached ****** piety under Okawaru
 10951 | D:13     | Received a gift from Okawaru
 11012 | D:13     | Noticed a two-headed ogre
 11028 | D:13     | Killed a two-headed ogre
 11053 | D:13     | Noticed a death knight
 11073 | D:13     | You fall through a shaft for 2 floors!
 11073 | D:15     | Entered Level 15 of the Dungeon
 11087 | D:15     | Noticed a tengu warrior
 11106 | D:15     | Killed a tengu warrior
 11112 | D:15     | Noticed a tengu warrior
 11117 | D:15     | Noticed a centaur warrior
 11135 | D:15     | Reached skill level 10 in Dodging
 11137 | D:15     | Noticed an ettin
 11143 | D:15     | Killed a centaur warrior
 11159 | D:15     | Noticed a tengu warrior
 11162 | D:15     | Noticed a two-headed ogre
 11164 | D:15     | Shot with a bolt by a tengu warrior

Skill      XL: |  1  2  3  4  5  6  7  8  9 10 11 12 |
---------------+-------------------------------------+-----
Charms         | 4 5 6 7 9 10 | 10.2
Polearms       | 4 6 7 9 10 13 16 18 20 | 20.0
Invocations    | 5 9 |  9.4
Dodging        | 4 10 | 10.4
Fighting       | |  2.1
Armour         | |  0.6
Spellcasting   | |  2.0
Translocations | |  0.2

Action                   |  1- 3 |  4- 6 |  7- 9 | 10-12 || total
-------------------------+-------+-------+-------+-------++-------
Melee: Spear             |   177 |   124 |       |       ||   301
       Tailslap          |       |     5 |       |     1 ||     6
       Glaive            |       |    38 |   242 |   652 ||   932
Throw: Stone             |     6 |    12 |    36 |    14 ||    68
       Javelin           |       |       |       |    20 ||    20
       Tomahawk          |       |       |       |    36 ||    36
 Cast: Infusion          |     7 |     9 |     5 |     8 ||    29
       Song of Slaying   |     1 |     1 |     2 |    14 ||    18
       Shroud of Golubri |       |     2 |     2 |    17 ||    21
       Regeneration      |       |       |       |     9 ||     9
Invok: Heroism           |       |       |     1 |     2 ||     3
       Finesse           |       |       |       |     1 ||     1
Evoke: Wand              |       |       |       |     5 ||     5
  Use: Potion            |       |     3 |       |     5 ||     8
       Scroll            |       |     8 |     6 |    10 ||    24
 Stab: Distracted        |       |       |     4 |     4 ||     8
       Sleeping          |       |       |     4 |     8 ||    12
  Eat: Chunk             |     1 |     5 |     7 |    12 ||    25
       Ration            |       |       |     1 |     5 ||     6
Armor: Leather armour    |    36 |    50 |       |       ||    86
       Troll leather arm |       |     2 |    84 |   163 ||   249
Dodge: Dodged            |    82 |   120 |   169 |   346 ||   717
